 Dungeon Crawl Stone Soup version 0.16.1-16-gc44b35d (webtiles) character file.

225 KarvaRausku the Chopper (level 6, 0/47 HPs)
             Began as a Human Fighter on Apr 15, 2015.
             Killed by divine providence
             ... invoked by an orc priest
              (15 damage)
             ... on level 4 of the Dungeon.
             The game lasted 00:05:09 (2263 turns).

KarvaRausku the Chopper (Human Fighter)             Turns: 2263, Time: 00:05:10

Health: 0/47       AC: 10    Str: 19    XL:     6   Next: 21%
Magic:  15/15      EV:  5    Int:  8    God:
Gold:   215        SH:  9    Dex: 12    Spells: 0 memorised, 5 levels left

rFire  . . .     SeeInvis .     a - +0 war axe
rCold  . . .     Clarity  .     x - +0 chain mail
rNeg   . . .     SustAb   .     c - +0 shield
rPois  +         Gourm    .     r - +0 helmet
rElec  .         Spirit   .     (no cloak)
rCorr  .         Warding  .     (no gloves)
rMut   .         Stasis   .     (no boots)
MR     .....                    (no amulet)
Stlth  ..........               t - ring of magical power
                                m - ring of poison resistance

@: not resistant to hostile enchantments, extremely unstealthy
A: no striking features
a: no special abilities


You were on level 4 of the Dungeon.
You were not hungry.

You visited 1 branch of the dungeon, and saw 4 of its levels.

You collected 215 gold pieces.

Inventory:

Hand weapons
 a - a +0 war axe (weapon)
Missiles
 y - 2 javelins (quivered)
Armour
 b - a +0 scale mail
 c - a +0 shield (worn)
 r - a +0 helmet (worn)
 x - a +0 chain mail (worn)
 B - a +2 ring mail of fire resistance
 C - a +0 chain mail
Jewellery
 m - a ring of poison resistance (left hand)
 t - a ring of magical power (right hand)
Magical devices
 q - a wand of hasting (4)
Scrolls
 f - a scroll of noise {unknown}
 g - a scroll of immolation {unknown}
 h - 4 scrolls of enchant weapon {unknown}
 j - a scroll of identify {unknown}
 l - 2 scrolls of remove curse {unknown}
 p - 2 scrolls of teleportation {unknown}
 u - 2 scrolls of magic mapping {unknown}
 v - a scroll of fear {unknown}
 w - 2 scrolls of recharging {unknown}
Potions
 e - 2 potions of might
 k - 3 potions of curing {unknown}
 n - a potion of brilliance {unknown}
 o - a potion of ambrosia {unknown}
 s - a potion of flight {unknown}
 A - a potion of heal wounds {unknown}
Comestibles
 d - 3 bread rations
 i - a beef jerky
 z - 2 meat rations
 D - 2 chunks of flesh


   Skills:
 - Level 3.0 Fighting
 + Level 6.0 Axes
 - Level 3.0 Armour
 - Level 3.0 Shields


You had 5 spell levels left.
You didn't know any spells.

Dungeon Overview and Level Annotations

Branches:
Dungeon (4/15)
 Temple: D:4-7

Altars:
Elyvilon
Gozag
Makhleb
The Shining One


Message History

A giant newt comes into view.
The giant newt moves out of view.
A quokka comes into view.
The quokka moves out of view.
An orc priest comes into view. It is wielding a flail.
You closely miss the hobgoblin.
The orc priest shouts!
The hobgoblin hits you but does no damage.
An orc comes into view. It is wielding a flail.
You barely miss the hobgoblin.
The orc shouts!
The orc priest invokes the aid of Beogh against you.
Something smites you! The hobgoblin hits you with a club.
An orc comes into view. It is wielding a club.
The orc shouts!
You hit the hobgoblin.
You kill the hobgoblin!
The orc priest mumbles some strange prayers to Beogh against you.
Something smites you!
You die...

#. lo o## o.##
####..<##
###.......##.
#.....).......
#...@.......#
##.....(..###
###[..........
###.....##......
#.....##...##### #####
#......)...# ###
.....# #......#.>$..
....
......###.....##...#.#
.... ......<.......#
....... ...


You could see an orc priest, 2 orcs and a giant newt.

Vanquished Creatures
  A scorpion (D:4)
  Terence (D:3)
  Robin (D:2)
  5 adders
  2 worms (D:3)
  2 giant geckos
  3 oozes
  12 orcs (D:3)
  A ball python (D:3)
  4 giant cockroaches
  14 goblins
  11 hobgoblins
  4 kobolds
  A quokka (D:3)
  7 bats
  3 giant newts
  9 rats
81 creatures vanquished.

Notes
Turn   | Place    | Note
--------------------------------------------------------------
     0 | D:1      | KarvaRausku, the Human Fighter, began the quest for the Orb.
     0 | D:1      | Reached XP level 1. HP: 18/18 MP: 1/1
    98 | D:1      | Reached XP level 2. HP: 18/24 MP: 2/2
   427 | D:2      | Reached XP level 3. HP: 18/29 MP: 3/3
   526 | D:2      | Noticed Robin
   581 | D:2      | Killed Robin
   581 | D:2      | Reached skill level 4 in Axes
   581 | D:2      | Reached XP level 4. HP: 8/35 MP: 4/4
  1006 | D:2      | Found an opulent altar of Gozag.
  1006 | D:2      | Found a glowing golden altar of the Shining One.
  1007 | D:2      | Found a white marble altar of Elyvilon.
  1300 | D:3      | Reached XP level 5. HP: 36/41 MP: 5/5
  1551 | D:3      | Reached skill level 5 in Axes
  1641 | D:3      | Noticed Terence
  1650 | D:3      | Killed Terence
  1680 | D:3      | Found a burning altar of Makhleb.
  2033 | D:4      | Noticed an ogre
  2257 | D:4      | Reached skill level 6 in Axes
  2257 | D:4      | Reached XP level 6. HP: 32/47 MP: 6/6
  2263 | D:4      | Killed from afar by an orc priest

Action                   |  1- 3 |  4- 6 || total
-------------------------+-------+-------++-------
Melee: War axe           |   106 |   168 ||   274
Throw: Javelin           |       |     2 ||     2
 Stab: Distracted        |     1 |       ||     1
  Eat: Chunk             |       |     5 ||     5
